 Dungeon Crawl Stone Soup version 0.31-a0-1603-gbec6b6ccbf (webtiles) character file.

Game seed: 18374014197925483477

27 jasper the Ducker (level 2, -1/18 HPs)
             Began as a Deep Elf Berserker on Jan 7, 2024.
             Was a Follower of Trog.
             Slain by an orc
             ... wielding a +0 hand axe
              (6 damage)
             ... on level 1 of the Dungeon.
             The game lasted 00:01:43 (1262 turns).

jasper the Ducker (Deep Elf Berserker)              Turns: 1262, Time: 00:01:44

Health: -1/18      AC:  3    Str: 14    XL:     2   Next: 93%
Magic:  4/4        EV: 13    Int: 11    God:    Trog [*.....]
Gold:   106        SH:  0    Dex: 14    Spells: 1/1 levels left

rFire   . . .        l - +0 dagger (venom)
rCold   . . .        (no shield)
rNeg    . . .        b - +1 animal skin
rPois   .            (no helmet)
rElec   .            (no cloak)
rCorr   .            (no gloves)
SInv    .            (no boots)
Will    .....        e - amulet of regeneration
Stlth   +            (no ring)
HPRegen 1.03/turn    (no ring)
MPRegen 0.09/turn

%: no passive effects
@: confused, ambrosia-drunk
A: no striking features
a: Renounce Religion, Berserk


You were on level 1 of the Dungeon.
You worshipped Trog.
Trog was aware of your devotion.
You visited 1 branch of the dungeon, and saw 2 of its levels.

You collected 106 gold pieces.

Inventory:

Hand Weapons
 a - a +0 short sword
 l - a +0 dagger of venom (weapon)
Armour
 b - a +1 animal skin (worn)
Jewellery
 e - an amulet of regeneration (around neck)
Scrolls
 d - 3 scrolls of teleportation
 j - a scroll of amnesia
Potions
 g - 2 potions of might
 i - a potion of lignification
 n - a potion of berserk rage {unknown}


   Skills:
 + Level 2.8 Fighting
 - Level 3.0 Short Blades
 - Level 1.5 Armour
 + Level 3.1 Dodging
 * Level 1.0 Unarmed Combat


You had one spell level left.
You didn't know any spells.
Your spell library was empty.

Dungeon Overview and Level Annotations

Branches:
Dungeon (2/15)

Altars:


Message History

There is an open door here.
There is a stone staircase leading down here.
You climb downwards.
There is a stone staircase leading up here.
Found an escape hatch in the ceiling.
An orc is nearby!
An orc comes into view. It is wielding a +0 hand axe.
The orc shouts!
An orc priest comes into view. It is wielding a +0 hand axe.
An adder comes into view.
A ribbon worm comes into view.
The orc shouts!
The orc priest shouts!
The adder hisses angrily.
There is a stone staircase leading up here.
The adder bites you. The orc hits you with a +0 hand axe.
You climb upwards.
There is a stone staircase leading down here.
You take 1 damage, and have 17/18 hp.
You hit the adder.
The adder is poisoned.
The adder is lightly wounded.
The adder completely misses you. The orc hits you with a +0 hand axe.
You take 2 damage, and have 15/18 hp.
You barely miss the orc. The adder closely misses you.
The orc hits you with a +0 hand axe. The adder closely misses you.
You take 4 damage, and have 11/18 hp.
MASSIVE DAMAGE!!
You hit the orc.
The orc is moderately wounded.
The orc hits you with a +0 hand axe. The adder closely misses you.
You take 1 damage, and have 10/18 hp.
You completely miss the orc.
The orc is moderately wounded.
The adder bites you but does no damage. The orc hits you with a +0 hand axe.
You take 4 damage, and have 6/18 hp.
MASSIVE DAMAGE!!
You hit the orc.
The orc is severely wounded.
The adder barely misses you. The orc hits you with a +0 hand axe.
* * * LOW HITPOINT WARNING * * *
You take 5 damage, and have 1/18 hp.
MASSIVE DAMAGE!!
You are confused.
You feel invigorated. The adder bites you but does no damage.
The orc hits you with a +0 hand axe.
You die...

#.......# ##.....## ##.#
#.......# ##...## #.#
####.#### ##'## #.# #.#
#.# #.# #.#
######.##########.# #.#
#..............##.# #.#
#.........####.##.# #.#
#..#........†.....#
#.#####.@##..........####
#......o.S...#...#####
#######..##......#
#.........## ##.#####.##
#.......# #########


You could see an adder (very poisoned) and an orc.

Vanquished Creatures
  3 dart slugs
  2 endoplasms (D:1)
  2 goblins
  A hobgoblin (D:1)
  4 ball pythons
  4 bats (D:1)
  A frilled lizard (D:1)
  2 kobolds (D:1)
  3 rats
22 creatures vanquished.

Notes
Turn   | Place    | Note
-------+----------+-------------------------------------------
     0 | D:1      | jasper the Deep Elf Berserker began the quest for the Orb.
     0 | D:1      | Reached XP level 1. HP: 13/13 MP: 3/3
    18 | D:1      | You fall into a shaft and drop 1 floor!
   234 | D:1      | Reached XP level 2. HP: 18/18 MP: 4/4
   597 | D:1      | Reached skill level 1 in Unarmed Combat
  1262 | D:1      | Slain by an orc

Illustrated notes

Levels and vault maps discovered:
D:1:      sevenhm_arrival_forest_fort_small_4, layout_loops_corners,
          columned_hall_lemuel
D:2:      kennysheep_big_flooded_room, layout_rooms, guppyfry_early_lair_pool

Skill      XL: |  1  2 |
---------------+-------+-----
Dodging        | 3 |  3.1
Unarmed Combat | 1 |  1.0
Fighting       | |  2.8
Short Blades   | |  3.0
Armour         | |  1.5

Action                     || total
---------------------------++-------
  Melee: Short sword       ||    48
         Dagger            ||    17
 Invoke: Berserk           ||     1
    Use: Scroll            ||     8
         Potion            ||     1
   Stab: Sleeping          ||     2
 Armour: Animal skin       ||    33
  Dodge: Dodged            ||    45

Table legend: (Time is in decaauts)
 A = Elapsed time spent in this place.
 B = Non-inter-level travel time spent in this place.
 C = Inter-level travel time spent in this place.
 D = Time resting spent in this place.
 E = Time spent auto-exploring this place.
 F = Levels seen in this place.
 G = Mean time per level.
                   A        B        C        D        E       F      G
               +--------+--------+--------+--------+--------+-----+--------+
         Total |   1266 |   1251 |     15 |    152 |    863 |   2 |  633.0 |
       Dungeon |   1266 |   1251 |     15 |    152 |    863 |   2 |  633.0 |
               +--------+--------+--------+--------+--------+-----+--------+

Top non-repeatable levels by time:
     D:1: 1083 daAuts
     D:2: 182 daAuts
